 Dungeon Crawl Stone Soup version 0.25.1-2-g60ff931df9 (webtiles) character file.

Game seed: 15126510797592828912

385 Erymatos the Chopper (level 6, -3/85 HPs)
             Began as a Minotaur Berserker on Oct 31, 2020.
             Was a Believer of Trog.
             Slain by a hippogriff (5 damage)
             ... on level 3 of the Dungeon.
             The game lasted 00:02:28 (3817 turns).

Erymatos the Chopper (Minotaur Berserker)           Turns: 3817, Time: 00:02:28

Health: -3/85      AC:  2    Str: 23    XL:     6   Next: 48%
Magic:  0/5        EV: 13    Int:  4    God:    Trog [**....]
Gold:   97         SH:  0    Dex: 10    Spells: 5/5 levels left

rFire    . . .     SeeInvis .   a - +0 hand axe
rCold    . . .     Gourm    .   (no shield)
rNeg     . . .     Faith    .   b - +0 animal skin
rPois    .         Spirit   +   (helmet restricted)
rElec    .         Reflect  .   (no cloak)
rCorr    .         Harm     .   (no gloves)
MR       .....                  (no boots)
Stlth    ..........             k - amulet of guardian spirit
HPRegen  0.24/turn              (no ring)
MPRegen  0.09/turn              (no ring)

@: berserking, very quick
A: retaliatory headbutt, horns 2
a: Berserk, Trog's Hand, Renounce Religion


You were on level 3 of the Dungeon.
You worshipped Trog.
Trog was pleased with you.
You were hungry.

You visited 1 branch of the dungeon, and saw 3 of its levels.

You collected 97 gold pieces.

Inventory:

Hand Weapons
 a - a +0 hand axe (weapon)
Armour
 b - a +0 animal skin (worn)
Jewellery
 k - an amulet of guardian spirit (around neck)
 p - a +6 ring of strength {unknown}
 t - a cursed ring of attention {unknown}
Wands
 l - a wand of enslavement (10)
Scrolls
 d - 3 scrolls of amnesia {unknown}
 e - 4 scrolls of remove curse {unknown}
 g - a scroll of enchant armour {unknown}
 i - a scroll of enchant weapon {unknown}
 m - a scroll of identify {unknown}
 o - a scroll of teleportation {unknown}
Potions
 f - 3 potions of brilliance {unknown}
 h - 2 potions of degeneration {unknown}
 j - a potion of haste {unknown}
 n - 2 potions of heal wounds {unknown}
 q - a potion of invisibility {unknown}
 r - a potion of stabbing {unknown}
 u - a potion of might {unknown}
Comestibles
 c - 9 rations


   Skills:
 + Level 5.9 Fighting
 + Level 6.2 Axes
 + Level 2.9 Armour
 + Level 3.8 Dodging
 + Level 0.6 Stealth


You had 5 spell levels left.
You didn't know any spells.
Your spell library was empty.

Dungeon Overview and Level Annotations

Branches:
Dungeon (3/15)

Altars:


Innate Abilities, Weirdness & Mutations

You reflexively headbutt those who attack you in melee.
You have a pair of horns on your head.


Message History

You slash the hippogriff!
The hippogriff is moderately wounded.
Unknown command.
You slash the hippogriff! Your headbutt misses the hippogriff.
The hippogriff is heavily wounded.
The hippogriff misses you. The hippogriff barely misses you.
The hippogriff closely misses you.
Unknown command.
You barely miss the hippogriff.
The hippogriff is heavily wounded.
The hippogriff bites you but does no damage.
The hippogriff barely misses you. The hippogriff claws you.
* * * LOW HITPOINT WARNING * * *
You slash the hippogriff!
The hippogriff is severely wounded.
Unknown command.
You hit the hippogriff.
The hippogriff is severely wounded.
The hippogriff bites you.
You die...

##.#............(####......#...#
...........................<...#
##.............#############...#
##........####.# ...#
##..#####.# #.# ...# ##.##
#.####.## ...# ...# #.......#
#### ##.## ######..########
##..# #..@H...... ###.#
#.#.>.(..[. #.# #...........
###.####### ####.[......
#.........# #........
#.........# #########
#....รท....# ..........#
#.........#


You could see a hippogriff.

Vanquished Creatures
  Sigmund (D:3)
  An orc priest (D:3)
  An orc wizard (D:3)
  A bullfrog skeleton (D:3)
  Jessica (D:2)
  4 gnolls
  2 adders (D:2)
  3 oozes
  A worm (D:2)
  A dart slug (D:1)
  5 orcs (D:3)
  3 giant cockroaches
  8 goblins
  3 hobgoblins
  2 jackals (D:2)
  A quokka (D:2)
  5 bats
  4 frilled lizards
  4 kobolds
  2 rats
53 creatures vanquished.

Notes
Turn   | Place    | Note
-------+----------+-------------------------------------------
     0 | D:1      | Erymatos the Minotaur Berserker began the quest for the
                  | Orb.
     0 | D:1      | Reached XP level 1. HP: 19/19 MP: 0/0
    83 | D:1      | Reached skill level 4 in Axes
    83 | D:1      | Reached XP level 2. HP: 12/27 MP: 1/1
   739 | D:1      | Reached XP level 3. HP: 31/33 MP: 2/2
  1042 | D:2      | Noticed Jessica
  1049 | D:2      | Killed Jessica
  1794 | D:2      | Reached XP level 4. HP: 35/41 MP: 3/3
  2293 | D:2      | Reached skill level 5 in Fighting
  2932 | D:3      | Reached skill level 5 in Axes
  2941 | D:3      | Reached XP level 5. HP: 41/48 MP: 4/4
  3239 | D:3      | Reached ** piety under Trog
  3434 | D:3      | Noticed Sigmund
  3443 | D:3      | Killed Sigmund
  3443 | D:3      | Reached skill level 6 in Axes
  3443 | D:3      | Reached XP level 6. HP: 32/57 MP: 1/5
  3805 | D:3      | Noticed a hippogriff
  3815 | D:3      | HP: 2/85 [hippogriff (6)]
  3817 | D:3      | Slain by a hippogriff

Illustrated notes

Levels and vault maps discovered:
D:1:      minmay_arrival_arboretum_small, layout_basic
D:2:      layout_basic, first_ration, uniq_jessica
D:3:      layout_rooms, uniq_sigmund

Skill      XL: |  1  2  3  4  5 |
---------------+----------------+-----
Fighting       | 4 5 |  5.9
Axes           | 4 5 6 |  6.2
Dodging        | 3 |  3.8
Armour         | |  2.9
Stealth        | |  0.6

Action                   |  1- 3 |  4- 6 || total
-------------------------+-------+-------++-------
Melee: Hand axe          |    53 |    94 ||   147
       Headbutt          |     9 |    14 ||    23
Invok: Berserk           |     1 |     2 ||     3
  Eat: Ration            |     1 |       ||     1
       Chunk             |       |     8 ||     8
Armor: Animal skin       |     7 |     7 ||    14
Dodge: Dodged            |    32 |    74 ||   106
